 Dungeon Crawl Stone Soup version 0.27-a0-1591-gc56fcc985a (console) character file.

Game seed: 15877300780630999619

1379 FIQ the Skirmisher (level 8, 0/61 HPs)
             Began as a Djinni Fire Elementalist on July 19, 2021.
             Slain by a troll (6 damage)
             ... on level 6 of the Dungeon.
             The game lasted 00:10:20 (7204 turns).

FIQ the Skirmisher (Djinni Fire Elementalist)       Turns: 7204, Time: 00:10:20

Health: 0/61       AC:  3    Str:  7    XL:     8   Next: 99%
Gold:   155        EV: 14    Int: 20    God:
                   SH:  0    Dex: 13

rFire    + + .     SeeInvis .   s - +4 mace {freeze, +Blink rElec rC+}
rCold    + . .     Faith    .   (no shield)
rNeg     . . .     Spirit   .   a - +0 robe
rPois    ∞         Reflect  .   (no helmet)
rElec    +         Harm     .   f - +0 cloak {Stlth+}
rCorr    .         Rampage  .   (no gloves)
Will     .....                  (boots unavailable)
Stlth    +++.......             (no amulet)
HPRegen  0.20/turn              h - ring of protection from cold
MPRegen  0.00/turn              (no ring)

@: flying, very slightly contaminated
A: sickness immunity, fire resistance 2, cold vulnerability 1, float, innate
caster, hp casting, extra vitality 1
a: Evoke Blink


You were on level 6 of the Dungeon.
You visited 1 branch of the dungeon, and saw 6 of its levels.

You collected 257 gold pieces.
You spent 102 gold pieces at shops.

Inventory:

Hand Weapons
 s - the +4 mace of Keruolly (weapon) {freeze, +Blink rElec rC+}
   (You found it on level 6 of the Dungeon)

   It freezes those it strikes, dealing additional cold damage.
   It can also slow down cold-blooded creatures.
   rC:        It protects you from cold.
   rElec:     It insulates you from electricity.
   +Blink:    It lets you blink.
Armour
 a - a +0 robe (worn)
 f - a +0 cloak of stealth (worn)
Jewellery
 h - a ring of protection from cold (left hand)
Wands
 r - a wand of digging (10)
 u - a wand of iceblast (1)
Scrolls
 c - 2 scrolls of blinking {unknown}
 d - 2 scrolls of amnesia {unknown}
 e - 4 scrolls of teleportation
 g - a scroll of noise {unknown}
 j - 2 scrolls of fear
 m - 2 scrolls of enchant weapon {unknown}
 v - a scroll of immolation {unknown}
Potions
 b - 2 potions of berserk rage
 i - 3 potions of heal wounds
 k - a potion of brilliance
 l - a potion of haste
 n - a potion of attraction {unknown}
 o - 2 potions of cancellation {unknown}
 p - 3 potions of curing
 q - a potion of flight {unknown}
 t - a potion of resistance {unknown}


   Skills:
 * Level 6.1 Fighting
 + Level 5.5 Dodging
 - Level 2.1 Stealth
 * Level 5.5 Spellcasting


You couldn't memorise any spells.
You knew the following spells:

 Your Spells              Type           Power      Damage    Failure   Level
a - Foxfire               Conj/Fire      100%       2x1d9     1%          1
b - Conjure Flame         Conj/Fire      27%        6-21      3%          3
c - Inner Flame           Hex/Fire       27%        N/A       3%          3
d - Sticky Flame          Conj/Fire      27%        2d5       12%         4
e - Fireball              Conj/Fire      13%        3d7       32%         5
f - Corona                Hex            30%        N/A       1%          1
g - Searing Ray           Conj           54%        3d5       1%          2
h - Lesser Beckoning      Tloc           13%        N/A       3%          3
Your spell library was empty.

Dungeon Overview and Level Annotations

Branches:
Dungeon (6/15)
 Temple: D:4-7

Altars:

Shops:
D:3 ?   D:6 (


Innate Abilities, Weirdness & Mutations

You are immune to sickness and miasma.
You are immune to poison.
Your flesh is very heat resistant. (rF++)
You are vulnerable to cold. (rC-)
You float through the air rather than walking.
You learn spells naturally, not from books.
Your magical power is your life essence.
You have superior vitality. (+4 HP)


Message History

The troll barely misses you. The troll completely misses you.
The troll misses you.
Found a scale mail.
A necrophage comes into view.
A scorpion comes into view.
Found a stone staircase leading down.
Found a scroll labelled BUUL ROAWKIO.
A bullfrog skeleton comes into view.
Found 19 gold pieces.
The bullfrog skeleton hits you but does no damage.
The bullfrog skeleton barely misses you.
The bullfrog skeleton hits you.
* * * LOW HITPOINT WARNING * * *
Casting: Foxfire (safe; 1% risk of failure)
Confirm with . or Enter, or press ? or * to list all spells.
The spell is quite dangerous to cast (32% risk of failure)!
Continue anyway?
Aiming: Fireball (quite dangerous; 32% risk of failure)
Press: ? - help, Shift-Dir - straight line, f - troll
Aim: a troll The fireball explodes!
The fireball engulfs the troll!
The troll is moderately wounded.
The fireball engulfs the necrophage!
The necrophage is heavily damaged.
* * * LOW HITPOINT WARNING * * *
Casting: Fireball (quite dangerous; 32% risk of failure)
Confirm with . or Enter, or press ? or * to list all spells.
Okay, then.
Unknown command.
Casting: Fireball (quite dangerous; 32% risk of failure)
Confirm with . or Enter, or press ? or * to list all spells.
The spell is quite dangerous to cast (32% risk of failure)!
Continue anyway?
Aiming: Fireball (quite dangerous; 32% risk of failure)
Press: ? - help, Shift-Dir - straight line, f/p - troll
Aim: a troll (moderately wounded)
You miscast Fireball.
You are very lightly contaminated with residual magic.
Nothing appears to happen.
* * * LOW HITPOINT WARNING * * *
Found 6 gold pieces.
The troll bites you.
You die...

######.###.##.....#...#
#......$#...#..........
#.......#...##.........
###.......#...###........
##.............##.........
##...........[..##....n....
#.............#.#...#......
#....#........#.....##.....
##.#+#...T@................ #.#
#...Z........#........
##.###....n....##.##.......
##.....n.s.......#.#....##..
#..................##...###.
#......##...........##..###..
....#...........##....###..#...
.............>?.##..... .....†.
.................#.....#........


You could see a troll, 2 necrophages, a scorpion and a bullfrog skeleton.

Vanquished Creatures
  Grinder (D:3)
  An ice beast (D:6)
  A sky beast (D:4)
  2 black bears
  A necrophage (D:5)
  An ogre (D:5)
  A phantom (D:6)
  3 scorpions
  A centaur zombie (D:6)
  An orc priest (D:5)
  A bullfrog skeleton (D:5)
  An iguana (D:6)
  3 orc wizards (D:5)
  A hound skeleton (D:4)
  Robin (D:4)
  5 adders
  An ufetubus (D:5)
  2 worms
  4 dart slugs
  14 orcs
  5 ball pythons
  10 endoplasms
  4 giant cockroaches
  15 goblins
  6 hobgoblins
  7 jackals
  2 quokkas
  9 bats
  7 frilled lizards (D:1)
  6 kobolds
  4 rats
121 creatures vanquished.

Vanquished Creatures (others)
  681 foxfires
681 creatures vanquished.

Grand Total: 802 creatures vanquished

Notes
Turn   | Place    | Note
-------+----------+-------------------------------------------
     0 | D:1      | FIQ the Djinni Fire Elementalist began the quest for the
                  | Orb.
     0 | D:1      | Reached XP level 1. HP: 15/15 MP: 0/0
    17 | D:1      | Reached XP level 2. HP: 8/21 MP: 0/0
   779 | D:1      | Reached XP level 3. HP: 22/25 MP: 0/0
   779 | D:1      | Learned a level 1 spell: Corona
  2114 | D:2      | Reached skill level 1 in Fighting
  2171 | D:2      | Reached XP level 4. HP: 28/32 MP: 0/0
  3242 | D:3      | Noticed Grinder
  3252 | D:3      | Killed Grinder
  3253 | D:3      | Reached skill level 3 in Fighting
  3253 | D:3      | Reached XP level 5. HP: 24/40 MP: 0/0
  3253 | D:3      | Learned a level 2 spell: Searing Ray
  3253 | D:3      | Reached XP level 6. HP: 27/46 MP: 0/0
  3775 | D:3      | Found Estrodgh's Magic Scroll Emporium.
  3817 | D:3      | Bought a scroll of fear for 42 gold pieces
  3817 | D:3      | Bought a scroll of teleportation for 36 gold pieces
  3817 | D:3      | Bought a scroll of identify for 24 gold pieces
  4014 | D:4      | Noticed a sky beast
  4022 | D:4      | Killed a sky beast
  4023 | D:4      | Reached XP level 7. HP: 37/50 MP: 0/0
  4023 | D:4      | Learned a level 3 spell: Lesser Beckoning
  4866 | D:4      | Reached skill level 4 in Fighting
  5203 | D:4      | Noticed Robin
  5208 | D:4      | Killed Robin
  5631 | D:5      | Entered Level 5 of the Dungeon
  5944 | D:5      | Reached XP level 8. HP: 53/58 MP: 0/0
  6154 | D:5      | Reached skill level 5 in Fighting
  6367 | D:5      | Reached skill level 5 in Dodging
  6456 | D:5      | Reached skill level 5 in Spellcasting
  6874 | D:6      | Identified the +4 mace of Keruolly {freeze, +Blink rElec
                  | rC+}
  6934 | D:6      | Found Qerit's Weapon Shop.
  7091 | D:6      | Reached skill level 6 in Fighting
  7152 | D:6      | Noticed a troll
  7204 | D:6      | Slain by a troll

Illustrated notes

Levels and vault maps discovered:
D:1:      dpeg_arrival_windows_large_door, layout_loops_cross,
          minmay_lizard_pond
D:2:      layout_basic, nicolae_underground_beach
D:3:      layout_loops_cross, serial_shops, shop, uniq_grinder
D:4:      layout_loops_ring, uniq_robin
D:5:      layout_basic, fountainhead
D:6:      layout_cave_pools, minmay_temple_entry_hall, serial_shops,
          kennysheep_mini, nicolae_stop_n_shop_1, minivault_14,
          minmay_microvault

Skill      XL: |  1  2  3  4  5  6  7  8 |
---------------+-------------------------+-----
Stealth        | 2 |  2.1
Fighting       | 1 3 4 6 |  6.1
Spellcasting   | 3 4 5 |  5.5
Dodging        | 3 4 5 |  5.5

Action                   |  1- 3 |  4- 6 |  7- 9 || total
-------------------------+-------+-------+-------++-------
Melee: Unarmed           |     1 |     1 |     9 ||    11
 Cast: Foxfire           |   121 |   119 |   190 ||   430
       Searing Ray       |       |       |     9 ||     9
       Fireball          |       |       |     1 ||     1
  Use: Scroll            |       |     4 |     3 ||     7
Armor: Robe              |     1 |     4 |    10 ||    15
Dodge: Dodged            |    12 |     6 |    38 ||    56

Table legend: (Time is in decaauts)
 A = Elapsed time spent in this place.
 B = Non-inter-level travel time spent in this place.
 C = Inter-level travel time spent in this place.
 D = Time resting spent in this place.
 E = Time spent auto-exploring this place.
 F = Levels seen in this place.
 G = Mean time per level.
                   A        B        C        D        E       F      G
               +--------+--------+--------+--------+--------+-----+--------+
         Total |   7201 |   7123 |     78 |      0 |   6337 |   6 | 1200.2 |
       Dungeon |   7201 |   7123 |     78 |      0 |   6337 |   6 | 1200.2 |
               +--------+--------+--------+--------+--------+-----+--------+

Top non-repeatable levels by time:
     D:1: 1734 daAuts
     D:4: 1647 daAuts
     D:5: 1231 daAuts
     D:2: 1224 daAuts
     D:3: 1023 daAuts
     D:6: 340 daAuts
